 Dungeon Crawl Stone Soup version 0.24-a0-309-g1095bca (webtiles) character file.

Game seed: 3584798930446219513

87 Spazmo the Magician (level 4, -5/24 HPs)
             Began as a Deep Elf Fire Elementalist on May 14, 2019.
             Shot with an arrow by a centaur (16 damage)
             ... on level 3 of the Dungeon.
             The game lasted 00:05:01 (1943 turns).

Spazmo the Magician (Deep Elf Fire Elementalist)    Turns: 1943, Time: 00:05:02

Health: -5/24      AC:  4    Str:  5    XL:     4   Next: 28%
Magic:  9/12       EV: 13    Int: 21    God:
Gold:   99         SH:  0    Dex: 15    Spells: 1/11 levels left

rFire    . . .     SeeInvis .   d - +0 short sword
rCold    . . .     Gourm    .   (no shield)
rNeg     . . .     Faith    .   a - +0 robe
rPois    .         Spirit   .   (no helmet)
rElec    .         Reflect  .   (no cloak)
rCorr    .         Harm     .   k - +0 pair of gloves
MR       .....                  f - +0 pair of boots
Stlth    ++........             (no amulet)
HPRegen  0.08/turn              (no ring)
MPRegen  0.13/turn              (no ring)

@: no status effects
A: no striking features
a: no special abilities


You were on level 3 of the Dungeon.
You were not hungry.

You visited 1 branch of the dungeon, and saw 3 of its levels.

You collected 99 gold pieces.

Inventory:

Hand Weapons
 d - a +0 short sword (weapon)
Missiles
 g - 81 stones (quivered)
Armour
 a - a +0 robe (worn)
 f - a +0 pair of boots (worn)
 k - a +0 pair of gloves (worn)
Magical Staves
 q - an uncursed staff of air
Jewellery
 i - an uncursed ring of ice
Scrolls
 b - 4 scrolls of identify
 m - a scroll of remove curse
 n - a scroll of fog {unknown}
 p - a scroll of teleportation {unknown}
 s - a scroll of blinking {unknown}
Potions
 e - a potion of flight
 h - a potion of cancellation {unknown}
 j - a potion of curing {unknown}
 o - 2 potions of heal wounds {unknown}
 r - a potion of agility {unknown}
Comestibles
 c - 10 rations
 l - 4 chunks of flesh


   Skills:
 - Level 2.7 Dodging
 - Level 2.7 Stealth
 + Level 4.2 Spellcasting
 + Level 2.5 Conjurations
 + Level 4.1 Fire Magic


You had one spell level left.
You knew the following spells:

 Your Spells              Type           Power        Failure   Level  Hunger
a - Flame Tongue          Conj/Fire      ###..        3%          1    None
b - Throw Flame           Conj/Fire      ###...       4%          2    #......
c - Conjure Flame         Conj/Fire      ###.....     9%          3    ###....
d - Sticky Flame          Conj/Fire      ###.....     30%         4    ####...

Your spell library contained the following spells:

 Spells                   Type           Power        Failure   Level  Hunger
 Inner Flame              Hex/Fire       ##......     16%         3    ###....
 Fireball                 Conj/Fire      ###.......   63%         5    ######.


Dungeon Overview and Level Annotations

Branches:
Dungeon (3/15)

Altars:
Makhleb


Message History

Aim: a dart slug (heavily wounded, clinging)
The flame tongue hits the dart slug!
You kill the dart slug!
The centaur shouts!
You hear a shout!
The centaur wields a +0 shortbow.
The centaur shoots an arrow.
The arrow barely misses you.
You see here a dart slug corpse.
The centaur shoots an arrow.
The arrow misses you.
Found a stone staircase leading down.
The centaur shoots an arrow.
The arrow hits you.
The centaur shoots an arrow.
The arrow closely misses you.
Found 18 gold pieces.
You see here an arrow.
The centaur shoots an arrow.
The arrow hits you!
A kobold comes into view. It is wielding a +0 short sword.
The centaur shoots an arrow.
The arrow closely misses you. The rat bites you but does no damage.
The centaur shoots an arrow.
The arrow hits you!
Ouch! That really hurt!
You die...

#.##.##
#.##..#
#.###.## #.#
#((## #.#
##†.# # ...
##.### .#
.####.(.##.#
....$....#K.#
.####>..r@.#
##.....#
#...c..#
######.# ..
... ###


You could see a centaur, a kobold and a rat.

Vanquished Creatures
  3 adders (D:2)
  A worm (D:2)
  3 dart slugs
  A leopard gecko (D:3)
  3 orcs (D:3)
  7 bats
  7 goblins
  4 hobgoblins
  4 jackals (D:2)
  A ball python (D:3)
  3 frilled lizards
  6 kobolds
  3 rats
46 creatures vanquished.

Notes
Turn   | Place    | Note
-------+----------+-------------------------------------------
     0 | D:1      | Spazmo the Deep Elf Fire Elementalist began the quest for
                  | the Orb.
     0 | D:1      | Reached XP level 1. HP: 10/10 MP: 6/6
   382 | D:1      | Reached XP level 2. HP: 15/15 MP: 6/8
   386 | D:1      | Learned a level 2 spell: Throw Flame
   928 | D:2      | Found a burning altar of Makhleb.
  1086 | D:2      | Reached XP level 3. HP: 19/19 MP: 6/10
  1091 | D:2      | Learned a level 3 spell: Conjure Flame
  1751 | D:3      | Reached XP level 4. HP: 24/24 MP: 6/12
  1761 | D:3      | Learned a level 4 spell: Sticky Flame
  1936 | D:3      | Noticed a centaur
  1943 | D:3      | Shot with an arrow by a centaur

Levels and vault maps discovered:
D:1:      scummos_arrival_hexagon, layout_basic
D:2:      layout_basic, nicolae_overflow_hidden_temple, nrook_campfire
D:3:      layout_rooms, uniq_natasha

Skill      XL: |  1  2  3 |
---------------+----------+-----
Conjurations   | 2 |  2.5
Spellcasting   | 4 |  4.2
Fire Magic     | 4 |  4.1
Dodging        | |  2.7
Stealth        | |  2.7

Action                   |  1- 3 |  4- 6 || total
-------------------------+-------+-------++-------
Melee: Short sword       |    13 |       ||    13
Throw: Stone             |     1 |       ||     1
 Cast: Flame Tongue      |    71 |    23 ||    94
  Use: Scroll            |     3 |       ||     3
  Eat: Chunk             |     2 |     1 ||     3
Armor: Robe              |    11 |     1 ||    12
Dodge: Dodged            |    28 |     6 ||    34

Table legend:
 A = Non-vault XP
 B = Vault XP
 C = Vault XP percentage of total XP
 D = Non-vault monster count
 E = Vault monster count
 F = Vault count percentage of total count
                 A         B        C        D         E       F
            +---------+---------+-------+---------+---------+-------
      Total |     125 |       0 |   0.0 |      46 |       0 |   0.0
            +---------+---------+-------+---------+---------+-------
        D:1 |      25 |       0 |   0.0 |      13 |       0 |   0.0
        D:2 |      69 |       0 |   0.0 |      19 |       0 |   0.0
        D:3 |      31 |       0 |   0.0 |      14 |       0 |   0.0
            +---------+---------+-------+---------+---------+-------
